Map: Dusk Towers

Players

Brownie - Winner!

  • Race: Protoss Protoss
  • League: Diamond

LilDicky

  • Race: Terran Terran
  • League: Diamond

VOD

http://www.twitch.tv/tumescentpie

Description

Time

  • Played on: Nov. 21, 2015, 8:57 p.m.
  • Length: 8:20
Show
View Real Time Build Order
Export as new Build Order

Brownie Protoss - Winner!

Build Orders: 1 Gate Expand, Blink Stalkers, Zealot Archon 

Get SALT Encoding   

  12  0:01  Probe (Chrono Boost)  
  13  0:11  Probe (Chrono Boost)  
  14  0:17  Pylon  
  14  0:22  Probe (Chrono Boost)  
  16  0:35  Probe (Chrono Boost)  
  16  0:36  Gateway  
  16  0:46  Probe (Chrono Boost)  
  17  0:57  Probe (Chrono Boost)  
  18  1:10  Nexus  
  18  1:12  Probe (Chrono Boost)  
  19  1:23  Probe (Chrono Boost)  
  19  1:25  Cybernetics Core  
  20  1:33  Probe (Chrono Boost)  
  20  1:34  Assimilator  
  21  1:41  Pylon  
  21  1:46  Assimilator  
  22  1:47  Probe (Chrono Boost)  
  22  1:57  Probe (Chrono Boost)  
  23  2:08  Probe  
  24  2:15  Zealot, Warp Gate (Chrono Boost)  
  26  2:26  Gateway  
  26  2:30  Probe x2  
  28  2:42  Stalker, Probe (Chrono Boost)  
  28  2:43  Mothership Core (Chrono Boost)  
  33  2:49  Pylon  
  33  2:53  Probe (Chrono Boost)  
  34  3:01  Probe (Chrono Boost)  
  34  3:03  Probe (Chrono Boost)  
  36  3:09  Twilight Council  
  36  3:10  Pylon  
  36  3:12  Probe (Chrono Boost)  
  37  3:14  Probe (Chrono Boost)  
  37  3:15  Stalker  
  40  3:20  Stalker  
  40  3:23  Probe (Chrono Boost)  
  43  3:28  Probe (Chrono Boost)  
  43  3:32  Pylon  
  43  3:33  Probe (Chrono Boost)  
  45  3:39  Probe (Chrono Boost)  
  45  3:40  Blink (Chrono Boost)  
  46  3:50  Pylon  
  46  3:52  Probe x2 (Chrono Boost), Assimilator  
  48  3:56  Assimilator  
  48  4:03  Probe x2 (Chrono Boost)  
  48  4:06  Gateway  
  48  4:09  Gateway  
  50  4:12  Gateway  
  50  4:17  Pylon  
  50  4:21  Gateway  
  50  4:27  Gateway  
  50  4:30  Pylon  
  50  4:36  Templar Archives  
  50  4:47  Zealot x2  
  54  4:57  Pylon  
  54  5:03  Zealot  
  56  5:08  Zealot  
  58  5:18  Pylon  
  58  5:20  Pylon  
  58  5:22  Zealot x2  
  58  5:23  Zealot  
  58  5:24  Charge  
  58  5:25  High Templar x2  
  58  5:28  Zealot  
  70  5:36  Archon  
  70  5:50  Pylon  
  70  5:56  Stalker  
  70  5:57  Stalker x4  
  74  5:59  Stalker  
  74  6:02  Zealot  
  72  6:30  Stalker x3  
  72  6:31  Stalker x2  
  72  6:32  Stalker  
  80  6:35  Stalker  
  69  6:48  Forge  
  53  7:22  Photon Cannon  
  51  7:25  Photon Cannon  
  51  7:26  Photon Cannon  
  51  7:27  Photon Cannon  
  47  7:30  Probe (Chrono Boost)  
  44  7:37  Probe (Chrono Boost)  
  38  8:05  Probe x2 (Chrono Boost)  
Show
View Real Time Build Order
Export as new Build Order

LilDicky Terran 

Build Orders: Command Center First (CC) 

Get SALT Encoding   

  12  0:02  SCV  
  14  0:14  SCV  
  14  0:24  Supply Depot  
  14  0:26  SCV  
  15  0:46  SCV  
  16  0:58  SCV  
  16  1:03  Command Center  
  17  1:10  SCV  
  18  1:16  Barracks  
  18  1:22  SCV  
  19  1:34  SCV  
  20  1:47  SCV  
  21  2:07  Supply Depot, Marine  
  23  2:09  Orbital Command  
  23  2:14  Refinery x2  
  23  2:15  Orbital Command  
  22  2:24  Marine  
  23  2:35  SCV  
  24  2:37  Engineering Bay  
  24  2:42  Marine  
  24  2:43  SCV  
  26  2:51  SCV  
  26  2:55  SCV  
  28  3:00  Marine  
  28  3:03  SCV  
  28  3:04  Factory  
  30  3:08  SCV, Missile Turret  
  31  3:15  SCV  
  31  3:18  Marine  
  33  3:24  SCV  
  34  3:28  SCV, Refinery  
  34  3:29  Refinery  
  35  3:35  Missile Turret  
  35  3:36  SCV, Marine  
  37  3:58  Factory Tech Lab, Starport  
  37  4:00  Marine  
  37  4:01  SCV  
  39  4:04  SCV  
  40  4:12  Command Center  
  40  4:13  SCV  
  40  4:16  SCV  
  42  4:18  Marine  
  43  4:25  SCV, Starport  
  43  4:28  SCV  
  45  4:33  Factory Tech Lab  
  45  4:36  Marine  
  46  4:40  Supply Depot  
  46  4:46  Cloaking Field  
  46  4:47  Banshee  
  46  4:48  SCV x2  
  46  4:52  Siege Tank  
  53  5:02  Starport Reactor  
  53  5:10  SCV x2  
  53  5:12  Supply Depot  
  53  5:13  Marine  
  56  5:25  Orbital Command  
  56  5:31  Marine  
  56  5:33  Liberator x2  
  56  5:34  Banshee  
  60  5:39  SCV x2  
  62  5:51  SCV x2  
  69  5:58  Siege Tank, Orbital Command  
  69  6:02  Bunker  
  69  6:03  SCV x2  
  74  6:05  Bunker  
  74  6:09  Supply Depot  
  59  6:29  Banshee  
  59  6:30  Siege Tank  
  62  6:45  Liberator x2  
  55  6:56  SCV  
  45  7:08  SCV  
  38  7:20  SCV  
  33  7:32  SCV  
  33  7:36  Siege Tank  
  37  7:44  SCV  
  37  7:51  Command Center  
  38  7:57  SCV  
Tags
 
Add a new tag
Caveats
  • Supply blocks, unpowered buildings, or Contaminate may cause inaccurate times.
  • Supply counts are checked every 10 seconds.